Map: Rhoskallian LE

Players

Ekelpack - Winner!

  • Race: Zerg Zerg
  • Spawn Location: 12:00

Nyck - Winner!

  • Race: Terran Terran
  • League: Silver
  • Spawn Location: 11:00

Noobfail

  • Race: Protoss Protoss
  • Spawn Location: 6:00

Perelman

  • Race: Terran Terran
  • Spawn Location: 5:00

VOD

Have the link to the VOD?

Description

Time

  • Played on: Nov. 8, 2024, 11:46 a.m.
  • Length: 16:35
Show
View Real Time Build Order
Export as new Build Order

Ekelpack Zerg - Winner!

Build Orders: Hatch First 

Get SALT Encoding   

  12  0:01  Drone  
  13  0:13  Overlord  
  13  0:18  Drone  
  14  0:33  Drone  
  15  0:49  Hatchery  
  14  0:51  Drone  
  15  1:06  Spawning Pool  
  15  1:10  Drone  
  15  1:12  Extractor  
  15  1:15  Drone  
  15  1:19  Drone  
  16  1:30  Drone  
  16  1:32  Drone  
  18  1:45  Drone  
  19  1:58  Drone, Queen  
  22  2:02  Queen  
  22  2:08  Drone  
  25  2:16  Drone  
  25  2:18  Overlord  
  25  2:19  Drone  
  27  2:23  Drone  
  28  2:35  Lair  
  28  2:38  Drone x2  
  28  2:41  Extractor  
  28  2:43  Drone  
  30  2:48  Drone x2  
  32  2:55  Drone  
  32  2:57  Drone  
  34  3:02  Extractor  
  33  3:08  Drone, Overlord  
  33  3:09  Drone  
  35  3:15  Drone  
  35  3:19  Drone, Extractor  
  36  3:27  Drone  
  36  3:30  Drone x3  
  36  3:32  Overlord  
  40  3:36  Spire  
  40  3:37  Drone  
  40  3:44  Drone  
  40  3:46  Overlord  
  41  3:50  Metabolic Boost  
  41  3:51  Overlord  
  41  4:03  Overlord  
  41  4:48  Mutalisk x3  
  41  4:49  Mutalisk x7  
  41  4:52  Mutalisk  
  63  5:05  Zerg Flyer Weapons Level 1  
  63  5:06  Overlord  
  63  5:07  Hatchery  
  63  5:09  Queen  
  64  5:30  Spore Crawler  
  64  5:32  Spore Crawler  
  64  5:33  Drone x3  
  64  5:34  Overlord  
  65  6:02  Zergling x8  
  65  6:03  Zergling x12  
  65  6:04  Zergling x2  
  74  6:29  Drone x2  
  74  6:30  Drone x3  
  79  6:36  Overlord x2  
  77  6:50  Mutalisk  
  77  6:51  Mutalisk x2  
  81  7:06  Drone x3  
  81  7:07  Drone x5  
  89  7:09  Extractor  
  89  7:11  Extractor  
  87  7:21  Drone x2  
  87  7:22  Drone x2, Overlord  
  91  7:24  Zerg Flyer Weapons Level 2  
  91  7:31  Infestation Pit  
  90  7:37  Hydralisk Den  
  90  7:38  Evolution Chamber  
  90  7:39  Drone x2, Evolution Chamber  
  89  7:49  Drone x5  
  88  8:03  Pneumatized Carapace  
  88  8:05  Zerg Ground Armor Level 1, Zerg Missile Weapons Level 1  
  88  8:06  Grooved Spines  
  88  8:09  Hydralisk x2  
  88  8:10  Hydralisk x6  
  88  8:11  Hydralisk x2  
  108  8:22  Overlord  
  103  8:44  Drone x4  
  103  8:45  Drone x6  
  113  8:54  Hydralisk  
  113  8:55  Hydralisk x4  
  123  9:04  Hatchery  
  122  9:10  Queen  
  114  9:21  Hydralisk x4  
  114  9:22  Hydralisk x3  
  99  9:47  Hydralisk  
  99  9:48  Hydralisk x6  
  99  9:49  Hydralisk x2  
  115  10:00  Zerg Missile Weapons Level 2, Zerg Ground Armor Level 2  
  115  10:06  Hive  
  115  10:07  Overlord  
  115  10:08  Overlord x2  
  109  10:29  Hydralisk  
  109  10:30  Hydralisk x6  
  109  10:31  Hydralisk x2  
  113  10:39  Hydralisk x3  
  115  11:03  Hydralisk  
  115  11:04  Hydralisk x6  
  115  11:05  Hydralisk x2  
  133  11:18  Overlord  
  133  11:19  Overlord  
  133  11:24  Ultralisk Cavern  
  132  11:27  Hatchery  
  131  11:39  Hydralisk  
  131  11:40  Hydralisk x6  
  131  11:41  Hydralisk x4  
  131  11:42  Overlord  
  153  12:02  Extractor  
  153  12:03  Extractor  
  145  12:22  Hydralisk x4  
  147  12:23  Hydralisk x4  
  109  12:47  Hydralisk x2  
  109  12:48  Hydralisk x7  
  109  12:49  Hydralisk x5  
  137  12:53  Overlord x2  
  137  13:08  Zerg Missile Weapons Level 3  
  137  13:14  Drone x4  
  137  13:15  Drone x7  
  137  13:16  Drone x2  
  150  13:48  Hydralisk x2  
  150  13:49  Hydralisk x6  
  150  13:50  Hydralisk x2  
  170  14:26  Hatchery  
  170  14:29  Overlord  
  169  14:32  Hydralisk x5  
  169  14:33  Hydralisk x5  
  189  14:40  Extractor  
  189  14:43  Extractor  
  187  15:04  Hydralisk x6  
  167  15:16  Hydralisk x5  
  167  15:17  Hydralisk x5  
  139  15:44  Hydralisk x3  
  139  15:45  Hydralisk x6  
  139  15:46  Hydralisk x2  
Show
View Real Time Build Order
Export as new Build Order

Nyck Terran - Winner!

Build Orders:  

Get SALT Encoding   

  12  0:00  SCV  
  13  0:12  SCV  
  14  0:20  Supply Depot  
  14  0:24  SCV  
  15  0:41  SCV  
  16  0:43  Barracks  
  16  0:53  Refinery  
  16  0:54  SCV  
  17  0:58  Refinery  
  17  1:06  SCV  
  18  1:20  SCV  
  19  1:32  Reaper  
  20  1:34  Orbital Command  
  20  1:38  Supply Depot  
  20  1:49  Barracks  
  20  2:04  Factory  
  20  2:09  SCV  
  21  2:17  Barracks Tech Lab  
  21  2:21  SCV  
  22  2:33  SCV  
  23  2:39  Combat Shield  
  23  2:41  Marine  
  23  2:42  Barracks Reactor  
  24  2:45  SCV  
  24  2:54  Factory Reactor  
  24  3:01  SCV, Barracks  
  25  3:13  SCV  
  25  3:17  Marine  
  27  3:23  Marine  
  27  3:24  Marine  
  29  3:28  Supply Depot  
  29  3:32  Hellion  
  31  3:37  SCV, Marine, Hellion  
  35  3:46  Marine  
  35  3:47  Marine  
  37  3:51  Supply Depot  
  37  3:53  Hellion  
  39  4:01  Hellion  
  41  4:04  SCV  
  41  4:05  Marine x2  
  41  4:07  Barracks Reactor  
  44  4:10  Stimpack  
  44  4:18  Marine  
  45  4:27  SCV  
  45  4:29  Supply Depot  
  45  4:30  Marine  
  45  4:31  Marine  
  48  4:39  SCV  
  48  4:41  Marine  
  46  5:14  Marine  
  46  5:15  Marine x4  
  46  5:18  Cyclone  
  46  5:20  Cyclone  
  55  5:21  SCV  
  55  5:23  Supply Depot  
  56  5:29  Engineering Bay  
  56  5:33  SCV, Marine x2  
  56  5:34  Marine x3  
  62  5:47  Command Center  
  62  5:51  SCV  
  63  6:03  SCV  
  64  6:15  SCV  
  64  6:16  Marine x4  
  64  6:17  Marine  
  70  6:21  Barracks  
  70  6:27  SCV  
  69  6:54  Marine x2  
  69  6:58  Marine x3  
  74  7:09  Orbital Command  
  74  7:12  Starport  
  74  7:14  Barracks Reactor  
  74  7:22  Starport  
  74  7:23  Starport, Cyclone x2, Marine  
  74  7:24  Marine x4  
  74  7:26  SCV  
  84  7:41  Marine x2  
  86  7:53  Marine x3  
  86  7:57  Starport Reactor  
  89  7:59  Orbital Command, Starport Reactor  
  89  8:02  Starport Reactor  
  89  8:09  SCV  
  94  8:12  Cyclone x2  
  94  8:19  Terran Infantry Weapons Level 1  
  94  8:22  Armory  
  94  8:24  SCV  
  95  8:42  Viking x2  
  95  8:47  SCV  
  100  8:59  SCV  
  69  9:34  Marine x5  
  69  9:35  Marine x2  
  69  9:37  Viking x2  
  69  9:38  Viking  
  78  10:01  Marine x3  
  78  10:02  Marine  
  82  10:11  SCV x2  
  80  10:28  Marine x5  
  63  10:44  Marine  
  63  10:46  Viking x3  
  63  10:49  SCV  
  71  10:59  Medivac  
  71  11:00  Medivac  
  71  11:01  Medivac  
  71  11:04  SCV  
  78  11:08  Marine x2  
  80  11:12  SCV  
  80  11:16  SCV, Marine x3  
  80  11:17  Marine x2  
  87  11:20  Viking  
  87  11:24  SCV  
  90  11:30  SCV  
  91  11:41  Command Center  
  91  11:59  Cyclone x2  
  95  12:10  Viking x3  
  76  12:48  Viking x5  
  86  13:15  Viking  
  86  13:18  Viking x2  
  92  13:24  SCV  
  92  13:27  Orbital Command  
  93  13:28  SCV  
  93  13:30  Viking  
  96  13:39  SCV  
  97  13:53  Orbital Command  
  97  14:02  SCV x2  
  99  14:09  Supply Depot  
  99  14:11  Viking x2  
  99  14:12  Supply Depot  
  99  14:16  Terran Vehicle And Ship Armor Level 1  
  103  14:21  SCV  
  104  14:28  Refinery  
  104  14:29  SCV  
  105  14:31  Refinery  
  105  14:33  Viking  
  105  14:35  Supply Depot  
  107  15:01  Viking x2  
  107  15:04  SCV x2  
  91  15:32  Viking x2  
  91  15:33  Marine  
  91  15:34  Marine x6  
  102  15:41  SCV x3  
  105  15:46  Viking  
  107  15:51  Marine x4  
  107  15:52  Marine x3  
  107  15:53  SCV x3  
  117  16:09  Marine x7  
Show
View Real Time Build Order
Export as new Build Order

Noobfail Protoss 

Build Orders: 1 Gate Expand, Carriers 

Get SALT Encoding   

  12  0:00  Probe  
  13  0:12  Probe  
  14  0:22  Pylon  
  14  0:25  Probe  
  15  0:40  Probe  
  16  0:46  Gateway  
  16  0:52  Probe  
  17  1:00  Assimilator  
  17  1:04  Probe  
  18  1:16  Probe  
  19  1:31  Probe  
  20  1:34  Nexus  
  20  1:43  Probe  
  21  1:48  Pylon  
  21  1:59  Assimilator, Probe  
  22  2:09  Cybernetics Core  
  22  2:14  Probe  
  23  2:26  Probe (Chrono Boost)  
  25  2:37  Probe (Chrono Boost)  
  25  2:41  Probe (Chrono Boost)  
  26  2:51  Adept  
  26  2:55  Probe  
  26  2:56  Probe  
  30  3:05  Stargate  
  30  3:07  Probe, Stargate  
  30  3:08  Probe  
  30  3:11  Assimilator  
  32  3:17  Pylon  
  32  3:19  Probe  
  33  3:20  Probe  
  34  3:31  Probe  
  35  3:38  Stargate  
  35  3:40  Probe (Chrono Boost)  
  36  3:43  Probe (Chrono Boost)  
  36  3:46  Assimilator  
  37  3:53  Probe (Chrono Boost)  
  39  3:55  Probe (Chrono Boost)  
  39  4:00  Probe (Chrono Boost)  
  39  4:01  Void Ray, Probe (Chrono Boost)  
  45  4:14  Probe x2  
  45  4:17  Void Ray  
  51  4:21  Pylon  
  51  4:35  Protoss Air Weapons Level 1 (Chrono Boost)  
  51  4:38  Probe  
  51  4:39  Probe  
  51  4:45  Void Ray  
  61  4:53  Void Ray  
  61  4:57  Pylon  
  61  5:16  Pylon  
  61  5:19  Pylon  
  65  5:21  Void Ray  
  65  5:26  Fleet Beacon  
  69  5:40  Void Ray  
  68  5:53  Void Ray  
  63  6:14  Void Ray  
  63  6:21  Flux Vanes  
  61  6:39  Void Ray  
  65  6:55  Void Ray  
  69  7:08  Void Ray  
  69  7:13  Pylon  
  69  7:25  Forge  
  69  7:26  Protoss Air Armor Level 1 (Chrono Boost)  
  69  7:36  Void Ray  
  73  7:56  Pylon  
  73  7:57  Pylon  
  77  8:04  Void Ray  
  81  8:17  Void Ray  
  81  8:19  Void Ray  
  85  8:47  Void Ray  
  89  9:00  Void Ray  
  89  9:02  Void Ray  
  93  9:42  Void Ray  
  93  9:43  Void Ray  
  77  9:56  Void Ray  
  77  10:16  Protoss Air Weapons Level 2 (Chrono Boost)  
  81  10:25  Void Ray  
  65  10:45  Void Ray x2  
  65  10:51  Probe x2  
  67  11:03  Probe x2  
  69  11:31  Nexus  
  69  11:33  Assimilator  
  69  11:37  Probe x2  
  69  11:38  Assimilator  
  71  11:49  Probe x2  
  71  11:52  Carrier  
  79  12:01  Probe x2  
  70  12:44  Carrier (Chrono Boost)  
  70  12:45  Carrier (Chrono Boost)  
  82  12:58  Carrier (Chrono Boost)  
  88  13:40  Carrier  
  94  13:41  Carrier  
  100  14:05  Pylon  
  100  14:07  Pylon  
  100  14:10  Pylon  
  100  14:23  Carrier  
  106  14:44  Carrier  
  112  14:46  Nexus  
  112  14:48  Assimilator  
  112  14:59  Carrier  
  51  15:37  Carrier (Chrono Boost)  
Show
View Real Time Build Order
Export as new Build Order

Perelman Terran 

Build Orders:  

Get SALT Encoding   

  12  0:01  SCV  
  13  0:13  SCV  
  14  0:20  Supply Depot  
  14  0:30  SCV  
  15  0:42  SCV  
  16  0:53  Barracks  
  16  0:56  SCV  
  17  1:03  Refinery  
  17  1:08  SCV  
  18  1:20  SCV  
  19  1:33  Command Center  
  19  1:34  SCV  
  20  1:43  Marine  
  21  1:50  Supply Depot  
  21  1:59  Barracks  
  21  2:00  SCV  
  22  2:12  SCV  
  23  2:16  Supply Depot  
  23  2:31  Barracks  
  23  2:34  SCV  
  24  2:40  Marine  
  25  2:46  SCV  
  26  2:58  SCV, Marine  
  27  3:00  Marine  
  27  3:05  SCV  
  30  3:14  Refinery  
  30  3:16  Marine  
  30  3:17  SCV  
  30  3:18  Barracks Tech Lab  
  32  3:22  Barracks Reactor  
  32  3:24  Barracks  
  32  3:40  Stimpack  
  32  3:41  SCV  
  32  3:45  SCV  
  34  3:53  SCV  
  34  3:55  Engineering Bay  
  35  3:59  Engineering Bay  
  36  4:03  Marine  
  36  4:04  Marine  
  36  4:05  Barracks Reactor  
  36  4:06  SCV  
  38  4:18  SCV  
  39  4:30  SCV, Marine x3  
  43  4:33  Command Center  
  43  4:42  SCV  
  43  4:43  Barracks  
  43  4:44  Marine  
  45  4:49  Barracks Reactor  
  45  4:54  SCV  
  45  4:58  Marine x2  
  44  5:05  Marine  
  43  5:16  Terran Infantry Weapons Level 1  
  43  5:17  Terran Infantry Armor Level 1  
  43  5:35  Barracks  
  43  5:36  Barracks  
  43  5:37  Barracks  
  43  5:38  Barracks Reactor  
  43  5:40  Marine x2  
  43  5:41  Marine x2  
  47  5:47  Refinery  
  47  5:51  Marine x3  
  50  6:01  Missile Turret  
  50  6:10  Marine x2  
  52  6:12  Combat Shield  
  52  6:14  Marine x3  
  55  6:30  Marine  
  55  6:31  Marine x3  
  59  6:34  Barracks Reactor  
  59  6:36  Barracks Reactor  
  58  6:41  Marine x4  
  58  6:42  Marine  
  55  6:55  Supply Depot  
  55  7:10  Supply Depot  
  55  7:13  Supply Depot  
  55  7:14  Supply Depot  
  54  7:16  Supply Depot, Marine  
  54  7:19  Supply Depot x2  
  54  7:45  Marine x3  
  54  7:46  Marine x4  
  54  7:47  Marine x2  
  63  8:03  Marine x3  
  63  8:04  Marine x2  
  68  8:11  Marine x4  
  72  8:37  Marine x3, Missile Turret  
  72  8:38  Marine x5  
  80  8:46  Marine  
  81  8:53  Supply Depot, Command Center  
  81  8:54  Supply Depot  
  81  8:55  Marine  
  82  9:02  Marine x4  
  84  9:03  Marine x3  
  84  9:04  Marine  
  71  9:34  Marine x3  
  71  9:35  Marine x2  
  64  9:52  Marine  
  64  9:53  Marine x5  
  70  10:03  Marine x2  
  70  10:04  Marine  
  73  10:10  Marine x2  
  75  10:14  Command Center  
  52  10:49  Supply Depot  
  52  11:03  Barracks Reactor  
  52  11:04  Marine  
  52  11:05  Marine x5  
  52  11:06  Marine x6  
  52  11:07  Marine  
  52  11:08  Factory  
  65  11:22  Marine x2  
  65  11:23  Marine x5  
  65  11:24  Marine x3  
  75  11:29  Orbital Command  
  75  11:37  Orbital Command  
  75  11:41  Marine x2  
  75  11:42  Marine x2  
  79  11:55  Armory  
  68  12:19  Marine  
  68  12:20  Marine x4  
  53  12:39  Marine x3  
  53  12:40  Marine x4  
  53  12:41  Marine x4  
  53  12:42  Marine x2  
  51  12:55  Terran Infantry Weapons Level 2  
  51  12:56  Terran Infantry Armor Level 2  
  48  12:59  Marine x2  
  48  13:00  Marine x3  
  50  13:12  Marine x6  
  54  13:13  Marine  
  57  13:22  Marine x3  
  57  13:23  Marine x3  
  63  14:00  SCV  
  64  14:03  Marine  
  64  14:04  Marine x6  
  64  14:05  Marine  
  72  14:12  SCV  
  72  14:15  Marine x5  
  78  14:21  Marine x2  
  78  14:22  Marine x6  
  87  14:24  SCV  
  87  14:32  Marine  
  87  14:33  Marine  
  87  14:36  SCV  
  90  14:53  Orbital Command  
Tags
 
Add a new tag
Caveats
  • Supply blocks, unpowered buildings, or Contaminate may cause inaccurate times.
  • Supply counts are checked every 10 seconds.